[Event "Titled Tuesday Blitz May 4 2021"]
[White "Deac, Bogdan-Daniel"]
[Black "Kwon, Sehyun"]
[WhiteFideId "1226380"]
[BlackFideId "13203088"]
[WhiteElo "2605"]
[BlackElo "1778"]
[Result "1-0"]
[Round "02"]
[TimeControl "180+1"]
[Date "2021.05.04"]
[WhiteClock "0:00:06"]
[BlackClock "0:00:02"]

1. b3 Nf6 2. Bb2 g6 3. Nf3 Bg7 4. g3 O-O 5. Bg2 d6 6. d4 Nbd7 7. O-O e5 8. dxe5 Ng4 9. Qc1 Ngxe5 10. c4 Nxf3+ 11. Bxf3 Bxb2 12. Qxb2 Qf6 13. Nc3 Nc5 14. Qd2 Bh3 15. Rfd1 Rab8 16. Nd5 Qd8 17. Qc3 Nd7 18. b4 Be6 19. c5 dxc5 20. bxc5 Bxd5 21. Rxd5 Qf6 22. Rc1 Qxc3 23. Rxc3 Nf6 24. Rd4 Rfd8 25. Rxd8+ Rxd8 26. Ra3 Nd7 27. c6 bxc6 28. Bxc6 Ne5 29. Bb5 Rd5 30. Ba6 Rc5 31. f4 Nc6 32. Kf2 Kg7 33. Bb7 a5 34. Bxc6 Rxc6 35. Rxa5 Rc2 36. Ke3 c5 37. Kd3 Rc1 38. Ra4 Rh1 39. Rc4 Rxh2 40. Ke3 Rh3 41. Kf3 Rh5 42. a4 Rd5 43. a5 f5 44. g4 fxg4+ 45. Kxg4 Kf6 46. e4 Rd3 47. Rxc5 h5+ 48. Kh4 Ra3 49. f5 g5+ 50. Kxh5 Rh3+ 51. Kg4 Rh4+ 52. Kf3 Rh3+ 53. Kg2 Ra3 54. Rc6+ Ke5 55. f6 Rxa5 56. Kf3 Ra8 57. Kg4 Rg8 58. Ra6 Kxe4 59. Ra5 Kd4 60. Rxg5 Rf8 61. Kf5 Kd5 62. Rg7 Kd6 63. Ra7 Rg8 64. f7 Rf8 65. Kf6 Rh8 66. Kg7 1-0


[Site "https://www.chess.com"]

[Event "Titled Tuesday Blitz May 4 2021"]
[White "Degtiarev, Evgeny"]
[Black "Rodriguez, Santiago"]
[WhiteFideId "4149610"]
[BlackFideId "3000591"]
[WhiteElo "2218"]
[BlackElo "2256"]
[Result "1-0"]
[Round "02"]
[TimeControl "180+1"]
[Date "2021.05.04"]
[WhiteClock "0:00:41"]
[BlackClock "0:01:45"]

1. d4 Nf6 2. Nf3 e6 3. g3 d5 4. Bg2 Be7 5. O-O O-O 6. c4 dxc4 7. Qc2 b6 8. Qxc4 Bb7 9. Nc3 Nbd7 10. Rd1 Rc8 11. Ne5 Bxg2 12. Kxg2 c5 13. Nxd7 Qxd7 14. e4 Qb7 15. d5 exd5 16. exd5 Rfd8 17. f3 a6 18. a4 b5 19. axb5 axb5 20. Nxb5 Rxd5 21. Ra7 Qc6 22. Rxe7 Rxd1 23. Qxf7+ 1-0


[Site "https://www.chess.com"]

[Event "Titled Tuesday Blitz May 4 2021"]
[White "Delgadillo, Adonay"]
[Black "Baker, Chris W"]
[WhiteFideId "3301915"]
[BlackFideId "401676"]
[WhiteElo "2103"]
[BlackElo "2226"]
[Result "1-0"]
[Round "02"]
[TimeControl "180+1"]
[Date "2021.05.04"]
[WhiteClock "0:01:56"]
[BlackClock "0:01:54"]

1. e4 e5 2. Nf3 Nc6 3. Bc4 Bc5 4. O-O Nf6 5. d3 a6 6. c3 Ba7 7. b4 d6 8. Nbd2 O-O 9. Re1 Be6 10. Qb3 Qe7 11. a4 b5 12. Bxe6 fxe6 13. Nf1 Ng4 14. Ne3 Bxe3 15. Bxe3 Rxf3 16. gxf3 Qh4 17. fxg4 Qxg4+ 18. Kf1 Rf8 19. Re2 Qf3 20. Ree1 Ne7 21. Qxe6+ Rf7 22. axb5 1-0


[Site "https://www.chess.com"]

[Event "Titled Tuesday Blitz May 4 2021"]
[White "Demchenko, Anton"]
[Black "Tejedor Fuente, Enrique"]
[WhiteFideId "4160258"]
[BlackFideId "2299100"]
[WhiteElo "2593"]
[BlackElo "2535"]
[Result "1/2-1/2"]
[Round "02"]
[TimeControl "180+1"]
[Date "2021.05.04"]
[WhiteClock "0:00:13"]
[BlackClock "0:00:05"]

1. e4 c5 2. Nf3 e6 3. g3 d5 4. exd5 exd5 5. d4 Nf6 6. Bg2 Nc6 7. O-O cxd4 8. Nxd4 Be7 9. Nc3 O-O 10. a3 Bg4 11. Qd3 Qb6 12. Nf5 Bxf5 13. Qxf5 d4 14. Nd5 Nxd5 15. Bxd5 Rad8 16. Bg2 d3 17. cxd3 Bf6 18. Rb1 Nd4 19. Qe4 Rfe8 20. Qxb7 Qxb7 21. Bxb7 Ne2+ 22. Kg2 Nxc1 23. Rfxc1 Rxd3 24. Rc2 Rb8 25. Ba6 Rd6 26. Bc4 g6 27. b3 Kg7 28. Re1 Rb7 29. Re8 Bd4 30. Rd2 Bc5 31. Rxd6 Bxd6 32. a4 a5 33. Kf3 Re7 34. Rd8 Bb4 35. g4 h6 36. h4 Rc7 37. Rd5 Re7 38. h5 g5 39. Rf5 Rc7 40. Kg2 Re7 41. Kf1 Re1+ 42. Kg2 Re7 43. Rb5 Bd2 44. Kf3 Bc3 45. Rb6 Rc7 46. Rd6 Bb4 47. Rd5 Re7 48. Rf5 Rc7 49. Ke2 Re7+ 50. Kd3 Rd7+ 51. Ke4 Re7+ 52. Kd5 Rc7 53. Rf3 Rc5+ 54. Kd4 Rc7 55. Rf5 Rd7+ 56. Bd5 Rc7 57. Rf3 Bc5+ 58. Kd3 Bb4 59. Bc4 Re7 60. Kd4 Rd7+ 61. Ke5 Rc7 62. Kd5 Rc5+ 63. Ke4 Rc7 64. Rf5 Re7+ 65. Kd5 Rc7 66. Kd4 Rd7+ 67. Bd5 Rc7 68. f4 Bc3+ 69. Kd3 gxf4 70. Bxf7 Bb4 71. Bc4 Rd7+ 72. Ke4 Bd2 73. Kf3 Re7 74. g5 hxg5 75. Rxg5+ Kh6 76. Rb5 Re3+ 77. Kxf4 Rxb3+ 78. Ke4 Rxb5 79. axb5 Be1 80. b6 Kxh5 81. b7 Bg3 82. Kd5 Bb8 83. Be2+ Kh4 84. Kc6 Kg3 85. Kd7 a4 86. Kc8 Be5 87. Bc4 a3 88. Kd7 Kf4 89. Ba2 Ke3 90. Ke6 Kd4 91. Bb3 Bb8 92. Kd7 Kc3 93. Be6 Kb4 94. Kc8 Be5 95. Ba2 Kc3 96. Kd7 Kd4 97. Ke6 Bb8 98. Ke7 Kc5 99. Kd7 Kb6 100. Kc8 Ka7 101. Bb3 Bf4 102. Bd5 Bg3 103. Ba2 Kb6 104. Bb3 Kc5 105. Ba2 Bh2 106. Be6 Kd4 107. Kd7 Kc3 108. Kc6 Kb4 109. Kb6 Bg1+ 110. Ka6 Bh2 111. Ba2 Kc3 112. Ka7 Kb2 113. Be6 Bg1+ 114. Ka8 Bh2 115. Bd5 Kc3 116. b8=Q Bxb8 117. Kxb8 a2 118. Bxa2 1/2-1/2


[Site "https://www.chess.com"]

[Event "Titled Tuesday Blitz May 4 2021"]
[White "Devaev, Alexander"]
[Black "Shukhman, Anna"]
[WhiteFideId "4169395"]
[BlackFideId "54180058"]
[WhiteElo "2185"]
[BlackElo "1628"]
[Result "1-0"]
[Round "02"]
[TimeControl "180+1"]
[Date "2021.05.04"]
[WhiteClock "0:00:18"]
[BlackClock "0:00:17"]

1. Nf3 f5 2. d4 Nf6 3. b3 g6 4. Bb2 Bg7 5. g3 O-O 6. Bg2 d6 7. Nbd2 Qe8 8. O-O Nbd7 9. c4 e5 10. dxe5 dxe5 11. e4 f4 12. Re1 Nh5 13. Qc2 Nc5 14. b4 Ne6 15. c5 Kh8 16. Nxe5 Ng5 17. Nef3 Nxf3+ 18. Nxf3 fxg3 19. hxg3 Bg4 20. Bxg7+ Nxg7 21. Nh2 Be6 22. Rad1 a5 23. bxa5 Rxa5 24. Ra1 Qe7 25. Rec1 Rfa8 26. Qb2 Rxa2 27. Rxa2 Rxa2 28. Qxb7 Qf6 29. Qb8+ Bg8 30. Rf1 Ne6 31. Qb3 Nf4 32. Qf3 Nh3+ 33. Bxh3 Qe5 34. Bg2 h6 35. Rc1 Qb2 36. Qc3+ Qxc3 37. Rxc3 Ra1+ 38. Nf1 Kg7 39. e5 Be6 40. Kh2 Kf7 41. Ne3 h5 42. Bd5 g5 43. Bxe6+ Kxe6 44. f4 Ra2+ 45. Kh3 g4+ 46. Kh4 Rh2+ 47. Kg5 Rh3 48. Nf5 Kd5 49. c6 Ke4 50. Re3+ Kd5 51. e6 h4 52. Nxh4 Rh1 53. e7 Rc1 54. e8=Q Rc5 55. Re5+ Kc4 56. Qf7+ Kd4 57. Rxc5 Kxc5 58. Qxc7 Kd5 59. Kxg4 Kc5 60. Qd7 Kb5 61. c7+ Kc5 62. c8=Q+ Kb4 63. Qdb7+ Ka5 64. Qca8# 1-0


[Site "https://www.chess.com"]

[Event "Titled Tuesday Blitz May 4 2021"]
[White "Diaz Camallonga, Carles"]
[Black "Karttunen, Mika"]
[WhiteFideId "22235256"]
[BlackFideId "502081"]
[WhiteElo "2438"]
[BlackElo "2343"]
[Result "1-0"]
[Round "02"]
[TimeControl "180+1"]
[Date "2021.05.04"]
[WhiteClock "0:00:10"]
[BlackClock "0:00:07"]

1. e4 c5 2. Nf3 d6 3. Bb5+ Nd7 4. d4 cxd4 5. Qxd4 e5 6. Qd3 Nf6 7. c4 Be7 8. Nc3 O-O 9. Bxd7 Bxd7 10. O-O a6 11. Rd1 Rc8 12. Bg5 Bg4 13. b3 Rc6 14. Bxf6 Bxf6 15. h3 Bxf3 16. Qxf3 Qa5 17. Nd5 Bd8 18. a4 Qc5 19. Rac1 h6 20. g3 Kh8 21. h4 Qa7 22. Rc3 Qb8 23. Nb4 Rb6 24. Nd5 Rc6 25. Rcd3 Qc8 26. Ne3 b5 27. axb5 axb5 28. cxb5 Rc5 29. Nc4 Be7 30. Rd5 Qc7 31. Qe3 Rb8 32. Rxc5 dxc5 33. b6 Qb7 34. Nxe5 Bf6 35. Nc4 Qe7 36. e5 Bxh4 37. gxh4 Qxh4 38. Qg3 Qe4 39. Nd6 Qe2 40. Rf1 Kg8 41. b7 Qa6 42. Rd1 Qb5 43. Qd3 Qa6 44. Qxa6 1-0


[Site "https://www.chess.com"]

[Event "Titled Tuesday Blitz May 4 2021"]
[White "DieHardCuban"]
[Black "Bonte, Andrei-Mihai"]
[BlackFideId "1210297"]
[WhiteElo "2420"]
[BlackElo "2200"]
[Result "0-1"]
[Round "02"]
[TimeControl "180+1"]
[Date "2021.05.04"]
[WhiteClock "0:00:02"]
[BlackClock "0:00:21"]

1. d4 Nf6 2. c4 e6 3. Nc3 Bb4 4. e3 d5 5. Nf3 O-O 6. Bd2 c5 7. a3 Bxc3 8. Bxc3 Ne4 9. Rc1 Nxc3 10. Rxc3 cxd4 11. exd4 b6 12. c5 Bb7 13. Bd3 bxc5 14. Rxc5 Nd7 15. Rc2 h6 16. O-O Qb6 17. Qe2 Rfc8 18. Rfc1 Rxc2 19. Rxc2 a5 20. h3 Bc6 21. Ne5 Nxe5 22. Qxe5 Ba4 23. Rc7 Qxb2 24. Bg6 Be8 25. Bh5 Qxa3 26. Qf4 Qf8 27. Bd1 a4 0-1


[Site "https://www.chess.com"]

[Event "Titled Tuesday Blitz May 4 2021"]
[White "Djordjevic, Vuk"]
[Black "Angel_Hranitel_37"]
[WhiteFideId "902098"]
[WhiteElo "2463"]
[BlackElo "2503"]
[Result "1/2-1/2"]
[Round "02"]
[TimeControl "180+1"]
[Date "2021.05.04"]
[WhiteClock "0:00:14"]
[BlackClock "0:00:20"]

1. d4 d5 2. Nf3 Nf6 3. c4 c6 4. Nc3 g6 5. Bg5 Bg7 6. e3 O-O 7. Qc2 Bf5 8. Bd3 Bxd3 9. Qxd3 Na6 10. O-O Nb4 11. Qe2 Ne4 12. Nxe4 dxe4 13. Nd2 f5 14. h3 Nd3 15. f3 Nxb2 16. fxe4 fxe4 17. Nxe4 Na4 18. Qg4 Nb6 19. Qe6+ Kh8 20. Rxf8+ Qxf8 21. Rf1 Qg8 22. Rf7 Rf8 23. Rxf8 Bxf8 24. Qe5+ Qg7 25. Qb8 h6 26. Bf4 Qf7 27. Qxb7 Nxc4 28. Qxc6 g5 29. Be5+ Nxe5 30. dxe5 Qxa2 31. e6 Qa1+ 32. Kh2 Qe5+ 33. Kg1 Qa1+ 34. Kf2 Qe5 35. Qe8 Qg7 36. Nc5 Kg8 37. Nd7 a5 38. Qa8 Qb2+ 39. Kf3 Qg7 40. Qxa5 Qg6 41. Qe5 Bg7 42. Qe4 Qe8 43. Qf5 Qa8+ 44. Kg3 Qe8 45. Kg4 Bc3 46. Ne5 Kg7 47. Qf7+ Qxf7 48. Nxf7 Bf6 49. Kf5 Bc3 50. Nd8 Bd2 51. Nc6 Kf8 52. e4 h5 53. Ne5 g4 54. hxg4 hxg4 55. Nxg4 Kg7 56. Ne5 Bb4 57. Ng6 Ba3 58. Ne5 Bb2 59. Nc6 Ba3 60. g4 Kh6 61. Nd4 Kg7 62. Kf4 Bc5 63. Nf3 Kf6 64. Ng5 Bd6+ 65. e5+ Bxe5+ 66. Ke4 Kxg5 67. Kxe5 Kxg4 68. Kd5 Kf5 69. Kd4 Kxe6 70. Ke4 Kd6 71. Kd4 Ke6 72. Ke4 Kf6 73. Kf4 Kg6 74. Ke5 Kf7 75. Kf5 e6+ 76. Ke5 Ke7 77. Ke4 Kf6 78. Kf4 e5+ 79. Ke4 Ke6 80. Ke3 Kd5 81. Kd3 Kc5 82. Ke4 Kc4 83. Ke3 Kd5 84. Kd3 e4+ 85. Ke3 Ke5 86. Ke2 Kd4 87. Kd2 e3+ 88. Ke2 Ke4 89. Ke1 Ke5 90. Ke2 Kf5 91. Kxe3 1/2-1/2


[Site "https://www.chess.com"]

[Event "Titled Tuesday Blitz May 4 2021"]
[White "Dmitrenko, Viktor"]
[Black "Gazis, Efstathios"]
[WhiteFideId "14110270"]
[BlackFideId "4200659"]
[WhiteElo "2338"]
[BlackElo "2230"]
[Result "1/2-1/2"]
[Round "02"]
[TimeControl "180+1"]
[Date "2021.05.04"]
[WhiteClock "0:00:09"]
[BlackClock "0:00:45"]

1. Nf3 e6 2. e4 c5 3. b4 cxb4 4. a3 d5 5. e5 Nc6 6. axb4 Bxb4 7. c3 Be7 8. d4 Bd7 9. Na3 a6 10. Bd3 b5 11. Nc2 h5 12. h4 Nh6 13. Bg5 g6 14. Bxe7 Nxe7 15. Ng5 Nef5 16. Bxf5 Nxf5 17. Nb4 a5 18. Nd3 Bc6 19. g3 Kf8 20. Nc5 Qe7 21. Nb3 a4 22. Nc5 Kg7 23. Qd2 b4 24. cxb4 Bb5 25. Qc3 Rhc8 26. Kd2 Qe8 27. Rhc1 Bc4 28. Ke1 Rcb8 29. Rcb1 Rb6 30. Ra3 Bb5 31. Rba1 Rc6 32. Qd2 Qe7 33. Qc3 1/2-1/2


[Site "https://www.chess.com"]

[Event "Titled Tuesday Blitz May 4 2021"]
[White "Domingo Nunez, Alejandro"]
[Black "Bernadskiy, Vitaliy"]
[WhiteFideId "22245561"]
[BlackFideId "14100371"]
[WhiteElo "2269"]
[BlackElo "2534"]
[Result "0-1"]
[Round "02"]
[TimeControl "180+1"]
[Date "2021.05.04"]
[WhiteClock "0:00:43"]
[BlackClock "0:01:55"]

1. e4 a6 2. d4 b5 3. Bd3 e6 4. f3 c5 5. Ne2 cxd4 6. Nxd4 Bc5 7. Nb3 Ba7 8. Nc3 Ne7 9. Bf4 d6 10. Qe2 Nbc6 11. O-O-O O-O 12. a3 Qc7 13. h4 Bb7 14. Bxb5 axb5 15. Nxb5 Qb6 16. Nxd6 Ba6 17. Qe1 Ng6 18. Bd2 Nge5 19. Bc3 Nd3+ 20. cxd3 Qxb3 21. Qg3 Bd4 22. Bxd4 Nxd4 23. Rd2 Bxd3 0-1


[Site "https://www.chess.com"]

[Event "Titled Tuesday Blitz May 4 2021"]
[White "Dovbnia, Nikita"]
[Black "Eynullayev, Atilla"]
[WhiteFideId "54104599"]
[BlackFideId "13413570"]
[WhiteElo "2056"]
[BlackElo "1997"]
[Result "0-1"]
[Round "02"]
[TimeControl "180+1"]
[Date "2021.05.04"]
[WhiteClock "0:00:42"]
[BlackClock "0:00:08"]

1. e4 c5 2. Nf3 d6 3. d4 cxd4 4. Nxd4 Nf6 5. Nc3 a6 6. Nb3 e6 7. g4 h6 8. h4 b5 9. Bg2 Bb7 10. g5 b4 11. Nd5 hxg5 12. Nxf6+ gxf6 13. hxg5 Rxh1+ 14. Bxh1 fxg5 15. Qh5 Be7 16. Qh8+ Kd7 17. Qg7 Nc6 18. Be3 Qh8 19. Qxh8 Rxh8 20. O-O-O Kc7 21. Bg2 Rh2 22. Bf1 Ne5 23. f4 Bxe4 24. Bd3 Nxd3+ 25. cxd3 Bd5 26. fxg5 Rg2 27. Kb1 Bxg5 28. Bxg5 Rxg5 29. Rf1 f5 30. Nd4 Kd7 31. b3 Rg2 32. Nc2 Ke7 33. Nxb4 Bb7 34. a4 a5 35. Nc2 Ba6 36. Rf3 Kf6 37. Ne3 Rd2 38. Nc4 Bxc4 39. dxc4 e5 40. Kc1 Rg2 41. Rd3 Ke6 42. Kd1 e4 43. Rh3 Ke5 44. Rh8 e3 45. Re8+ Kf4 46. Ke1 Rb2 47. Rf8 Ke4 48. Re8+ Kf3 49. Kd1 e2+ 50. Kc1 Rxb3 51. Re7 Re3 52. Rf7 e1=Q+ 0-1


[Site "https://www.chess.com"]

[Event "Titled Tuesday Blitz May 4 2021"]
[White "Dowgird, Filip"]
[Black "Xiong, Jeffery"]
[WhiteFideId "1121235"]
[BlackFideId "2047640"]
[WhiteElo "2209"]
[BlackElo "2724"]
[Result "0-1"]
[Round "02"]
[TimeControl "180+1"]
[Date "2021.05.04"]
[WhiteClock "0:00:21"]
[BlackClock "0:00:28"]

1. d4 Nf6 2. Bf4 c5 3. e3 Qb6 4. Na3 d5 5. Nb5 Na6 6. a4 Bd7 7. c3 e6 8. Nf3 Be7 9. Be2 O-O 10. O-O Bxb5 11. axb5 Nc7 12. Qa4 Nd7 13. Ne5 Nxe5 14. Bxe5 Rfc8 15. dxc5 Bxc5 16. Qg4 Ne8 17. Kh1 Bd6 18. Bd4 Bc5 19. f4 Bxd4 20. exd4 Nd6 21. f5 Nxf5 22. Rxf5 exf5 23. Qxf5 Re8 24. Bd3 Qg6 25. Qf3 Qg5 26. Rf1 Re7 27. Bc2 Rae8 28. Bb3 Rd7 29. h3 Re3 30. Qf2 Rde7 31. Bd1 h5 32. Bf3 h4 33. Bg4 g6 34. Bf3 Kg7 35. Qc2 Re1 36. Qf2 Qg3 37. Kg1 Rxf1+ 38. Kxf1 Qh2 39. Qd2 Re6 40. Bxd5 Rf6+ 41. Ke2 Rf5 42. Be4 Rxb5 43. b4 Rb6 44. Qg5 Re6 45. Kd3 Qg1 46. Qxh4 Qb1+ 47. Ke3 f5 0-1


[Site "https://www.chess.com"]

[Event "Titled Tuesday Blitz May 4 2021"]
[White "Dushyant Sharma"]
[Black "Toncheva, Nadya"]
[WhiteFideId "25065130"]
[BlackFideId "2924056"]
[WhiteElo "2019"]
[BlackElo "1920"]
[Result "1-0"]
[Round "02"]
[TimeControl "180+1"]
[Date "2021.05.04"]
[WhiteClock "0:01:02"]
[BlackClock "0:00:03"]

1. e4 e5 2. Nf3 Nc6 3. Nc3 Nf6 4. Bb5 Bc5 5. Nxe5 Nxe5 6. d4 Bd6 7. f4 Ng6 8. e5 Bb4 9. exf6 Qxf6 10. O-O O-O 11. Kh1 Bxc3 12. bxc3 c6 13. Bd3 d5 14. f5 Ne7 15. Qg4 h6 16. Ba3 Re8 17. Rae1 Bd7 18. Re3 Nxf5 19. Ref3 g6 20. h3 Kh7 21. Qf4 Qg5 22. Qxg5 hxg5 23. g4 Nh6 24. Rxf7+ Nxf7 25. Rxf7+ Kh6 26. Rxd7 Re1+ 27. Kg2 b5 28. Rd6 Rg8 29. Rxc6 Ra1 30. Bxb5 Rxa2 31. Bb4 Rxc2+ 32. Kg3 Rb8 33. Bd3 Rd2 34. Bxg6 Kg7 35. Bf5 Re8 36. Rc7+ Kf6 37. Rc6+ Kg7 38. Re6 Rxe6 39. Bxe6 Ra2 40. Bxd5 Re2 41. Kf3 Rh2 42. Kg3 Re2 43. c4 Re3+ 44. Bf3 Rb3 45. Bd6 a5 46. Be5+ Kf7 47. c5 a4 48. Kg2 Rb2+ 49. Kg3 a3 50. d5 Rc2 51. c6 a2 52. d6 Ke6 53. d7 Kxe5 54. d8=Q a1=Q 55. Qh8+ Kd6 56. Qxa1 1-0


[Site "https://www.chess.com"]

[Event "Titled Tuesday Blitz May 4 2021"]
[White "Eggleston, Thomas A"]
[Black "Przybylski, Wojciech"]
[WhiteFideId "412139"]
[BlackFideId "1117599"]
[WhiteElo "2174"]
[BlackElo "2317"]
[Result "0-1"]
[Round "02"]
[TimeControl "180+1"]
[Date "2021.05.04"]
[WhiteClock "0:00:41"]
[BlackClock "0:00:20"]

1. e4 e5 2. f4 exf4 3. Bc4 Nf6 4. Nc3 c6 5. d4 d5 6. exd5 Nxd5 7. Nxd5 cxd5 8. Bb5+ Nc6 9. Qe2+ Be6 10. Bxf4 Be7 11. Nf3 O-O 12. O-O Rc8 13. c3 a6 14. Bd3 b5 15. a3 Na5 16. Rae1 Nc4 17. Qf2 Bf6 18. h4 h6 19. Bb1 Nd6 20. Bxd6 Qxd6 21. Ne5 Bxe5 22. dxe5 Qc5 23. Re3 d4 24. cxd4 Qxd4 25. Rfe1 Rfd8 26. Kh2 Qg4 27. Re4 Qh5 28. R4e2 Rc4 29. g3 Qg4 30. Rd2 Rxd2 31. Qxd2 Qh3+ 32. Kg1 Qxg3+ 33. Qg2 Qxe1+ 34. Kh2 Rxh4+ 0-1


[Site "https://www.chess.com"]

[Event "Titled Tuesday Blitz May 4 2021"]
[White "Elgersma, Onno"]
[Black "Chasin, Nico"]
[WhiteFideId "1053531"]
[BlackFideId "30908477"]
[WhiteElo "2473"]
[BlackElo "2135"]
[Result "0-1"]
[Round "02"]
[TimeControl "180+1"]
[Date "2021.05.04"]
[WhiteClock "0:00:02"]
[BlackClock "0:01:32"]

1. Nf3 Nf6 2. d4 e6 3. Bg5 c5 4. e3 Be7 5. Nbd2 b6 6. Bd3 h6 7. Bh4 Bb7 8. c3 O-O 9. O-O Nc6 10. a3 Rc8 11. e4 d5 12. e5 Nd7 13. Bg3 Ndb8 14. b4 cxd4 15. cxd4 a5 16. b5 Na7 17. a4 Rc3 18. Qe2 Qc7 19. Nb1 Rb3 20. Ra2 Rc8 21. Rc2 Qd8 22. Rfc1 Rb4 23. Nc3 Rb3 24. h4 Ba3 25. Ra1 Rbxc3 26. Ng5 hxg5 27. hxg5 Bf8 28. Rxc3 Rxc3 29. g6 fxg6 30. Bxg6 Qg5 0-1


[Site "https://www.chess.com"]

[Event "Titled Tuesday Blitz May 4 2021"]
[White "Erden, Kadir"]
[Black "Triapishko, Alexandr"]
[WhiteFideId "6305776"]
[BlackFideId "14122286"]
[WhiteElo "2218"]
[BlackElo "2490"]
[Result "0-1"]
[Round "02"]
[TimeControl "180+1"]
[Date "2021.05.04"]
[WhiteClock "0:01:47"]
[BlackClock "0:01:38"]

1. d4 d5 2. c4 e5 3. dxe5 Ne7 4. cxd5 Qxd5 5. Qxd5 Nxd5 6. a3 Nc6 7. e4 Nb6 8. f4 Nd4 9. Kd1 Bg4+ 10. Ne2 O-O-O 11. Nd2 Nb3 12. Rb1 Nc4 13. Kc2 Ncxd2 0-1


[Site "https://www.chess.com"]

[Event "Titled Tuesday Blitz May 4 2021"]
[White "Erdogdu, Mert"]
[Black "Terletsky, Oleg"]
[WhiteFideId "6301495"]
[BlackFideId "14116774"]
[WhiteElo "2485"]
[BlackElo "2094"]
[Result "1-0"]
[Round "02"]
[TimeControl "180+1"]
[Date "2021.05.04"]
[WhiteClock "0:00:19"]
[BlackClock "0:00:01"]

1. e4 e5 2. Nf3 Nc6 3. Bc4 Nf6 4. d3 h6 5. O-O d6 6. c3 g6 7. a4 Bg7 8. Na3 O-O 9. Nc2 a5 10. Ne3 Nh5 11. d4 Nf6 12. Qd3 exd4 13. cxd4 Nb4 14. Qb1 d5 15. exd5 Nfxd5 16. Ne5 Be6 17. Qe4 c6 18. b3 Nc3 19. Qf3 Bxc4 20. N3xc4 Qxd4 21. Bb2 Nbd5 22. Rfe1 Rae8 23. Rad1 Qf4 24. Qxf4 Nxd1 25. Qd2 Nxb2 26. Qxb2 b5 27. Qc1 bxc4 28. Nxc4 Nb4 29. Rxe8 Rxe8 30. g3 Nd3 31. Qd2 Nb4 32. Nxa5 Nd5 33. Nxc6 Nc3 34. Kg2 Re2 35. Qd7 1-0


[Site "https://www.chess.com"]

[Event "Titled Tuesday Blitz May 4 2021"]
[White "Escalante Ramirez, Brian Sebasti"]
[Black "Lopez Gracia, Fernando"]
[WhiteFideId "3819566"]
[BlackFideId "2207184"]
[WhiteElo "2193"]
[BlackElo "2336"]
[Result "1-0"]
[Round "02"]
[TimeControl "180+1"]
[Date "2021.05.04"]
[WhiteClock "0:00:52"]
[BlackClock "0:00:39"]

1. e4 e5 2. Nf3 Nc6 3. d4 exd4 4. Nxd4 Nf6 5. Nxc6 bxc6 6. Qe2 d5 7. exd5+ Be7 8. dxc6 O-O 9. Nc3 Bg4 10. Qd3 Bd6 11. Be3 Qe8 12. Be2 Qxc6 13. O-O Rab8 14. Bxa7 Bxe2 15. Qxe2 Rxb2 16. Bd4 Bc5 17. Bxc5 Qxc5 18. Na4 Qb5 19. c4 Rxe2 20. cxb5 Ra8 21. Nc3 Rc2 22. Rfc1 Rxc1+ 23. Rxc1 Kf8 24. a4 Ke7 25. f3 Kd6 26. Kf2 c6 27. bxc6 Kxc6 28. Ne4+ Kd7 29. Nxf6+ gxf6 30. Rc4 Rb8 31. Rc2 Ra8 32. Ra2 Ra5 33. Ke3 Kd6 34. Kd4 h5 35. Kc4 Kc6 36. Kb4 Rd5 37. a5 Rd4+ 38. Kc3 Rd7 39. a6 Ra7 40. Kd4 Kd6 41. Ke4 Ke6 42. Kf4 f5 43. Kg5 f6+ 44. Kxh5 1-0


[Site "https://www.chess.com"]

[Event "Titled Tuesday Blitz May 4 2021"]
[White "Escobar Forero, Alder"]
[Black "Rojas Alarcon, Julian Antonio"]
[WhiteFideId "4400801"]
[BlackFideId "5107407"]
[WhiteElo "2513"]
[BlackElo "2333"]
[Result "1-0"]
[Round "02"]
[TimeControl "180+1"]
[Date "2021.05.04"]
[WhiteClock "0:00:18"]
[BlackClock "0:00:19"]

1. d4 Nf6 2. Nc3 d5 3. Bg5 e6 4. e4 dxe4 5. Nxe4 Nbd7 6. Nf3 Be7 7. Nxf6+ Bxf6 8. h4 h6 9. Bf4 Be7 10. Bd3 Bd6 11. Ne5 Nxe5 12. dxe5 Bc5 13. Qg4 g6 14. O-O-O Qe7 15. h5 g5 16. Bg3 Bd7 17. f4 O-O-O 18. Rhf1 Rhg8 19. f5 exf5 20. Bxf5 Bxf5 21. Qxf5+ Kb8 22. c3 Rxd1+ 23. Rxd1 Rd8 24. Rxd8+ Qxd8 25. Qxf7 Be3+ 26. Kc2 Qd2+ 27. Kb3 Qd1+ 28. Ka3 a6 29. Qf8+ Ka7 30. Bf2 Qe2 31. Bxe3+ Qxe3 32. Qe7 Qb6 33. b4 Ka8 34. Qf8+ Ka7 35. Qc5 Kb8 36. Qxb6 cxb6 37. c4 Kc7 38. Kb3 Kd7 39. Kc3 Ke6 40. Kd4 a5 41. b5 a4 42. a3 1-0


[Site "https://www.chess.com"]

[Event "Titled Tuesday Blitz May 4 2021"]
[White "Estrada Nieto, Julian"]
[Black "Krivonosov, Oleg"]
[WhiteFideId "5101018"]
[BlackFideId "11600349"]
[WhiteElo "2270"]
[BlackElo "2469"]
[Result "0-1"]
[Round "02"]
[TimeControl "180+1"]
[Date "2021.05.04"]
[WhiteClock "0:00:07"]
[BlackClock "0:00:58"]

1. e4 e5 2. Nf3 Nc6 3. Bb5 Nf6 4. O-O Nxe4 5. Re1 Nd6 6. Nxe5 Nxe5 7. Rxe5+ Be7 8. Bf1 O-O 9. Nc3 Ne8 10. Nd5 Bd6 11. Re1 c6 12. Ne3 Bc7 13. Nf5 d5 14. Ne7+ Kh8 15. Nxc8 Rxc8 16. d3 f5 17. Bd2 Nf6 18. Qf3 Qd7 19. h3 Rce8 20. Rxe8 Rxe8 21. Re1 Rxe1 22. Bxe1 Kg8 23. Bd2 Kf7 24. Bf4 Bxf4 25. Qxf4 g6 26. Be2 Qe7 27. Kf1 a5 28. a3 Ne8 29. g4 Qf6 30. c3 fxg4 31. Qxf6+ Kxf6 32. Bxg4 Ke5 33. Ke2 d4 34. Kf3 Nd6 35. c4 h5 36. Bd7 c5 37. Kg3 g5 38. h4 Nf5+ 39. Bxf5 Kxf5 40. hxg5 Kxg5 41. b3 h4+ 42. Kh3 b6 43. a4 Kf4 44. Kxh4 Kf3 45. Kg5 Kxf2 46. Kf4 Ke2 47. Ke4 Kd2 48. Kd5 Kxd3 49. Kc6 Kc3 50. Kxb6 d3 0-1


[Site "https://www.chess.com"]

[Event "Titled Tuesday Blitz May 4 2021"]
[White "Eynullayev, Altay"]
[Black "Purtseladze, Maka"]
[WhiteFideId "13413562"]
[BlackFideId "13602659"]
[WhiteElo "2079"]
[BlackElo "2178"]
[Result "1-0"]
[Round "02"]
[TimeControl "180+1"]
[Date "2021.05.04"]
[WhiteClock "0:01:05"]
[BlackClock "0:01:28"]

1. e4 c6 2. d4 d5 3. e5 Bf5 4. Nf3 e6 5. Be2 Nd7 6. O-O h6 7. Nbd2 f6 8. c4 fxe5 9. dxe5 g5 10. Re1 Bg7 11. Nd4 Ne7 12. Bh5+ Kf8 13. N2f3 a6 14. g4 c5 15. gxf5 cxd4 16. Nxd4 Nc5 17. f6 Nc6 18. Nxe6+ Nxe6 19. cxd5 1-0


[Site "https://www.chess.com"]

[Event "Titled Tuesday Blitz May 4 2021"]
[White "Ezat, Mohamed"]
[Black "Alavi, Sayed Javad"]
[WhiteFideId "10600906"]
[BlackFideId "12500607"]
[WhiteElo "2417"]
[BlackElo "2495"]
[Result "0-1"]
[Round "02"]
[TimeControl "180+1"]
[Date "2021.05.04"]
[WhiteClock "0:00:05"]
[BlackClock "0:00:13"]

1. d4 Nf6 2. c4 e6 3. Nc3 d5 4. cxd5 exd5 5. Bg5 c6 6. Qc2 Be7 7. e3 h6 8. Bxf6 Bxf6 9. Bd3 O-O 10. Nge2 Re8 11. O-O Nd7 12. b4 a6 13. Na4 Be7 14. Nc5 Bd6 15. a4 Qh4 16. Ng3 Nf6 17. Be2 Ng4 18. Bxg4 Qxg4 19. b5 axb5 20. axb5 Rxa1 21. Rxa1 h5 22. bxc6 bxc6 23. h3 Qg5 24. Qe2 Bxg3 25. fxg3 Qxg3 26. Qf2 Qxe3 27. Qxe3 Rxe3 28. Ra7 Bf5 29. Kf2 Rc3 30. Rc7 Rc2+ 31. Kf3 h4 32. Rxc6 Be4+ 33. Kf4 Bxg2 34. Kg4 Rc3 35. Kxh4 Rxh3+ 36. Kg5 Rc3 37. Kf5 Rc4 38. Ke5 f6+ 39. Kf5 Rxd4 40. Kg6 Rg4+ 41. Kf5 Rg5+ 42. Ke6 d4 43. Rc8+ Kh7 44. Rc7 Re5+ 45. Kf7 Bd5+ 46. Kf8 Rg5 47. Nd7 Kh6 48. Nb6 Be4 49. Rd7 d3 50. Nc4 Rd5 51. Re7 d2 52. Nxd2 Rxd2 53. Rxe4 f5 54. Re6+ Kg5 55. Kxg7 Rd7+ 56. Kf8 f4 57. Re5+ Kg4 58. Ke8 Ra7 59. Re4 Kg3 60. Re6 f3 61. Rg6+ Kf2 62. Rf6 Ke2 63. Re6+ Kf1 64. Re7 Rxe7+ 65. Kxe7 f2 0-1


[Site "https://www.chess.com"]